 Dungeon Crawl Stone Soup version 0.28-a0-1182-g381e24db82 (webtiles) character file.

Game seed: 2925496997278405384

392 bearlyready the Conjurer (level 6, 0/39 (45) HPs)
             Began as a Draconian Conjurer on Dec 16, 2021.
             Slain by a wight (1 damage)
             ... on level 3 of the Dungeon.
             The game lasted 00:05:48 (4333 turns).

bearlyready the Conjurer (Draconian Conjurer)       Turns: 4333, Time: 00:05:49

HP:   0/39 (45)     AC:  8    Str: 10    XL:     6   Next: 51%
MP:   9/9           EV: 12    Int: 20    God:
Gold: 144           SH:  0    Dex:  9    Spells: 2/9 levels left

rFire   . . .      SeeInvis .   g - +4 dagger
rCold   . . .      Faith    .   (no shield)
rNeg    . . .      Spirit   .   (armour unavailable)
rPois   .          Reflect  .   x - +0 hat
rElec   .          Harm     .   h - +0 cloak
rCorr   +          Rampage  .   w - +0 pair of gloves
Will    +....                   (no boots)
Stlth   ++........              (no amulet)
HPRegen 0.13/turn               i - ring of resist corrosion
MPRegen 0.11/turn               s - ring of willpower

@: flying, slowed, heavily drained, very slow
A: AC +6, unfitting armour, cold-blooded
a: no special abilities


You were on level 3 of the Dungeon.
You visited 1 branch of the dungeon, and saw 4 of its levels.

You collected 144 gold pieces.

Inventory:

Hand Weapons
 c - a +0 dagger
 g - a +4 dagger (weapon)
 m - a +0 dagger of freezing
Missiles
 b - 21 poisoned darts (quivered)
 o - a throwing net
 q - 2 boomerangs
Armour
 h - a +0 cloak (worn)
 w - a +0 pair of gloves (worn)
 x - a +0 hat (worn)
Magical Staves
 e - a staff of earth
 k - a staff of poison
Jewellery
 i - a ring of resist corrosion (left hand)
 s - a ring of willpower (right hand)
Wands
 l - a wand of paralysis (7)
Scrolls
 d - 2 scrolls of identify {unknown}
 f - 2 scrolls of noise
 p - a scroll of vulnerability {unknown}
 r - a scroll of immolation {unknown}
 t - a scroll of torment {unknown}
 u - a scroll of amnesia {unknown}
 v - a scroll of summoning {unknown}
Potions
 a - 2 potions of curing
 j - a potion of flight
 n - a potion of invisibility {unknown}


   Skills:
 - Level 1.7 Dodging
 - Level 1.7 Stealth
 - Level 2.0 Spellcasting
 + Level 7.9 Conjurations


You had 2 spell levels left.
You knew the following spells:

 Your Spells              Type           Power      Damage    Failure   Level
a - Magic Dart            Conj           100%       1d8       1%          1
b - Searing Ray           Conj           66%        2d6       1%          2
c - Fulminant Prism       Conj/Hex       8%         3d7       30%         4

Your spell library contained the following spells:

 Spells                   Type           Power      Damage    Failure   Level
 Foxfire                  Conj/Fire      68%        2x1d7     3%          1
 Conjure Flame            Conj/Fire      17%        6-21      10%         3
 Dazzling Flash           Conj/Hex       34%        N/A       10%         3
 Flame Wave               Conj/Fire      17%        2d5       30%         4
 Iskenderun's Mystic Bla  Conj/Tloc      17%        2d5       30%         4
 Inner Flame              Hex/Fire       2%         N/A       43%         3


Dungeon Overview and Level Annotations

Branches:
Dungeon (4/15)
 Temple: D:4-7

Altars:
Kikubaaqudgha

Shops:
D:4 =


Innate Abilities, Weirdness & Mutations

Your plain brown scales are hard. (AC +6)
You cannot fit into any form of body armour.
You are cold-blooded and may be slowed by cold attacks.


Message History

There is a stone staircase leading up here.
The wight closely misses you. x2; The hobgoblin barely misses you.
You climb upwards.
You feel yourself speed up.
There is a stone staircase leading down here.
You hit the hobgoblin.
The hobgoblin is moderately wounded.
The wight closely misses you. x2
The hobgoblin hits you but does no damage.
You hit the hobgoblin.
The hobgoblin is heavily wounded.
The wight closely misses you. The wight completely misses you.
The hobgoblin hits you but does no damage.
You closely miss the hobgoblin.
The hobgoblin is heavily wounded.
The wight hits you with a +5 falchion.
You feel drained. The wight closely misses you. The hobgoblin misses you.
You completely miss the hobgoblin.
The hobgoblin is heavily wounded.
The wight barely misses you.
The wight hits you with a +4 long sword of freezing!
The wight freezes you.
The hobgoblin hits you but does no damage.
You barely miss the hobgoblin.
The hobgoblin is heavily wounded.
The wight hits you with a +5 falchion.
* * * LOW HITPOINT WARNING * * *
You feel drained.
* * * LOW HITPOINT WARNING * * *
The wight hits you with a +4 long sword of freezing.
* * * LOW HITPOINT WARNING * * *
You feel drained.
You feel yourself slow down. The wight freezes you.
* * * LOW HITPOINT WARNING * * *
The hobgoblin closely misses you.
It was a potion of flight.
You feel very buoyant.
You fly up into the air.
The wight hits you with a +5 falchion.
* * * LOW HITPOINT WARNING * * *
You feel drained.
You die...

#.#####.#.##. #.#
#.#.##. #.#
#.#.##.
#.#####.#.##.
#.#.....#.##.
######.#..........
#.................
#z####.....###.##.
#@g...............
#z#####...........
#.# #.#######...
###.#####.# #...
#....[.##.# #...
#......##.### #...
#......##...# #...
#......####.# #>..
###.........# #...


You could see 2 wights and a hobgoblin.

Vanquished Creatures
  2 scorpions (D:4)
  A wyvern zombie (D:3)
  An orc priest (D:3)
  Terence (D:3)
  An iguana (D:3)
  3 gnolls (D:2)
  2 adders
  3 worms
  A dart slug (D:2)
  5 orcs
  4 ball pythons
  6 bats
  6 endoplasms
  A giant cockroach (D:1)
  7 goblins
  6 hobgoblins
  8 jackals (D:1)
  A quokka (D:1)
  3 frilled lizards
  6 kobolds
  6 rats
74 creatures vanquished.

Notes
Turn   | Place    | Note
-------+----------+-------------------------------------------
     0 | D:1      | bearlyready the Draconian Conjurer began the quest for the
                  | Orb.
     0 | D:1      | Reached XP level 1. HP: 14/14 MP: 3/3
   214 | D:1      | Reached XP level 2. HP: 5/20 MP: 5/5
   224 | D:1      | Learned a level 2 spell: Searing Ray
   893 | D:1      | Found a faded altar of an unknown god.
  1132 | D:1      | Reached skill level 5 in Conjurations
  1149 | D:1      | Reached XP level 3. HP: 24/26 MP: 6/6
  2261 | D:2      | Reached XP level 4. HP: 32/33 MP: 1/7
  2614 | D:3      | Reached skill level 6 in Conjurations
  2614 | D:3      | Reached XP level 5. HP: 15/38 MP: 1/8
  3268 | D:3      | Noticed Terence
  3288 | D:3      | Killed Terence
  3289 | D:3      | Reached skill level 7 in Conjurations
  3372 | D:3      | Learned a level 4 spell: Fulminant Prism
  3386 | D:3      | Found an ancient bone altar of Kikubaaqudgha.
  4008 | D:4      | Found Suikhlied's Jewellery Shop.
  4012 | D:4      | Reached XP level 6. HP: 45/45 MP: 4/9
  4333 | D:3      | HP: 1/41 [wight (3)]
  4333 | D:3      | Slain by a wight

Illustrated notes

Levels and vault maps discovered:
D:1:      mushboom_english_gardens, layout_loops_ring,
          hellmonk_ecumenical_altar_zigzags, hangedman_glass_garden
D:2:      layout_loops_cross
D:3:      layout_basic, mainiacjoe_overflow_brackets, uniq_terence
D:4:      layout_gridville, grunt_decor_fettered,
          minmay_shop_enchanted_jewellery

Skill      XL: |  1  2  3  4  5 |
---------------+----------------+-----
Conjurations   | 5 6 7 |  7.9
Dodging        | |  1.7
Stealth        | |  1.7
Spellcasting   | |  2.0

Action                   |  1- 3 |  4- 6 || total
-------------------------+-------+-------++-------
Melee: Dagger            |   168 |    71 ||   239
       Tailslap          |     9 |     6 ||    15
       Unarmed           |     2 |       ||     2
Throw: Throwing net      |       |     2 ||     2
 Cast: Magic Dart        |     7 |       ||     7
       Searing Ray       |     8 |     9 ||    17
Evoke: Wand              |       |     4 ||     4
  Use: Scroll            |     1 |       ||     1
       Potion            |       |     2 ||     2
 Stab: Sleeping          |     3 |       ||     3
       Distracted        |     1 |       ||     1
       Paralysed         |       |     4 ||     4
Armor: Skin              |    62 |    25 ||    87
Dodge: Dodged            |   116 |    60 ||   176

Table legend: (Time is in decaauts)
 A = Elapsed time spent in this place.
 B = Non-inter-level travel time spent in this place.
 C = Inter-level travel time spent in this place.
 D = Time resting spent in this place.
 E = Time spent auto-exploring this place.
 F = Levels seen in this place.
 G = Mean time per level.
                   A        B        C        D        E       F      G
               +--------+--------+--------+--------+--------+-----+--------+
         Total |   4334 |   4252 |     82 |      0 |   3558 |   4 | 1083.5 |
       Dungeon |   4334 |   4252 |     82 |      0 |   3558 |   4 | 1083.5 |
               +--------+--------+--------+--------+--------+-----+--------+

Top non-repeatable levels by time:
     D:1: 1575 daAuts
     D:3: 1367 daAuts
     D:2: 952 daAuts
     D:4: 439 daAuts
